 Dungeon Crawl Stone Soup version 0.30-a0-965-g42e074c17a (webtiles) character file.

Game seed: 7786287220958989223

255 howech the Magician (level 6, -1/40 HPs)
             Began as a Djinni Fire Elementalist on Mar 30, 2023.
             Killed from afar by Dowan (10 damage)
             ... with a puff of frost
             ... on level 4 of the Dungeon.
             The game lasted 00:11:48 (3754 turns).

howech the Magician (Djinni Fire Elementalist)      Turns: 3754, Time: 00:11:49

Health: -1/40      AC:  2    Str:  7    XL:     6   Next: 38%
Gold:   152        EV: 14    Int: 18    God:
                   SH:  0    Dex: 20

rFire   + + +      SeeInvis .    d - staff of fire
rCold   x . .      Faith    .    (no shield)
rNeg    . . .      Spirit   .    a - +0 robe
rPois   ∞          Reflect  .    (no helmet)
rElec   .          Rampage  .    (no cloak)
rCorr   .                        (no gloves)
Will    .....                    (boots unavailable)
Stlth   +++                      (no amulet)
HPRegen 0.26/turn                i - +6 ring of dexterity
MPRegen 0.00/turn                (no ring)

@: flying
A: sickness immunity, fire resistance 2, cold vulnerability 1, float, innate
caster, HP casting, extra vitality 1
a: no special abilities


You were on level 4 of the Dungeon.
You visited 2 branches of the dungeon, and saw 5 of its levels.

You collected 152 gold pieces.

Inventory:

Hand Weapons
 e - a +0 spear
Missiles
 j - 6 boomerangs
Armour
 a - a +0 robe (worn)
Magical Staves
 d - a staff of fire (weapon)
Jewellery
 i - a +6 ring of dexterity (left hand)
 l - an amulet of faith
Scrolls
 k - 4 scrolls of noise {unknown}
 m - 3 scrolls of teleportation {unknown}
 o - a scroll of fear {unknown}
Potions
 b - a potion of mutation {unknown}
 c - 2 potions of haste
 f - 2 potions of resistance
 g - 4 potions of curing
 h - a potion of flight {unknown}
 n - a potion of heal wounds {unknown}


   Skills:
 + Level 2.2 Armour
 + Level 3.6 Dodging
 + Level 2.8 Stealth
 * Level 3.7 Spellcasting


You knew the following spells:

 Your Spells              Type           Power      Damage    Failure   Level
a - Foxfire               Conj/Fire      100%       2x1d6     3%          1
b - Scorch                Fire           50%        2d7       4%          2
c - Kindle Blastsparks    Fire/Tloc/Air  50%        2d14      10%         3
d - Inner Flame           Hex/Fire       25%        N/A       10%         3
e - Flame Wave            Conj/Fire      25%        2d8       32%         4
f - Apportation           Tloc           32%        N/A       3%          1
g - Poisonous Vapours     Pois/Air       32%        N/A       4%          2
Your spell library was empty.

Dungeon Overview and Level Annotations

Branches:
Dungeon (4/15)             Temple (1/1) D:4

Altars:
Ashenzari
Dithmenos
Gozag
Makhleb
Nemelex Xobeh
Qazlal
Ru
Wu Jian
Xom

Shops:
D:1 (

Annotations:
D:4 Dowan, Duvessa


Innate Abilities, Weirdness & Mutations

You are immune to sickness and miasma.
You are immune to poison.
Your flesh is very heat resistant. (rF++)
You are vulnerable to cold. (rC-)
You float through the air rather than walking.
You learn spells naturally, not from books.
Your magical power is your life essence.
You have superior vitality. (+4 MHP)


Message History

The foxfire hits Duvessa.
Duvessa is heavily wounded.
Duvessa says, "Did you see that move?
Perfect!"
Your foxfire dissipates!
The foxfire hits Dowan.
Dowan is lightly wounded.
Duvessa closely misses you. Duvessa barely misses you.
Duvessa attacks as you move away! Duvessa barely misses you.
Dowan attacks as you move away! Dowan hits you with a +0 dagger.
Duvessa says, "When magic and the sword combine, nothing stands against them."
Duvessa closely misses you. Duvessa attacks as you move away!
Duvessa barely misses you. Duvessa closely misses you.
Duvessa attacks as you move away! Duvessa closely misses you.
Duvessa hits you with a +0 short sword.
Dowan mumbles some strange words.
Dowan blinks!
Casting: Foxfire (safe; 3% risk of failure)
Confirm with . or Enter, or press ? or * to list all spells.
You feel a surge of power!
You conjure some foxfire!
Duvessa hits you with a +0 short sword!
* * * LOW HITPOINT WARNING * * *
Duvessa closely misses you.
Unknown command.
Casting: Foxfire (safe; 3% risk of failure)
Confirm with . or Enter, or press ? or * to list all spells.
You feel a surge of power!
There is not enough space to conjure foxfire!
Unknown command.
You hit Duvessa but do no damage.
Duvessa is heavily wounded.
The foxfire hits Dowan.
Dowan is lightly wounded.
The foxfire hits Duvessa.
Duvessa is heavily wounded.
Duvessa hits you with a +0 short sword.
* * * LOW HITPOINT WARNING * * *
Dowan gestures at you while chanting. The puff of frost hits you!
You feel a terrible chill!
You die...

####.# #.# .....#
#.# ###### #.# #
#.# ######### #.#
........# #.#
#######.# #e# #
#.########.##
#........#@.#
########.##e#
#.##.# #### #.##.#
....####### ##.##.#
..........###...#.#
###.#####...†.....#
#.. #####)).###
#.#. ##.##


You could see Duvessa (fast) and Dowan.

Vanquished Creatures
  A scorpion (D:4)
  3 iguanas (D:4)
  An orc wizard (D:4)
  An adder (D:3)
  An ufetubus (D:4)
  A worm (D:2)
  2 dart slugs (D:2)
  4 orcs
  7 bats
  8 endoplasms
  A giant cockroach (D:3)
  5 goblins
  3 hobgoblins
  9 jackals
  3 quokkas
  9 ball pythons
  5 frilled lizards
  5 kobolds
  2 rats
71 creatures vanquished.

Vanquished Creatures (others)
  230 foxfires
230 creatures vanquished.

Grand Total: 301 creatures vanquished

Notes
Turn   | Place    | Note
-------+----------+-------------------------------------------
     0 | D:1      | howech the Djinni Fire Elementalist began the quest for the
                  | Orb.
     0 | D:1      | howech set off with the following spells memorised:
                  | Foxfire, Scorch, Kindle Blastsparks, Inner Flame, Flame
                  | Wave.
     0 | D:1      | Reached XP level 1. HP: 15/15 MP: 0/0
   255 | D:1      | Reached XP level 2. HP: 18/21 MP: 0/0
   402 | D:1      | Found Ametwem's Antique Weapon Emporium.
   426 | D:1      | You are sucked into a shaft and drop 1 floor!
   433 | D:2      | Reached XP level 3. HP: 24/25 MP: 0/0
   433 | D:2      | Learned a level 1 spell: Apportation
   603 | D:2      | Reached skill level 1 in Armour
  1507 | D:1      | Reached XP level 4. HP: 29/31 MP: 0/0
  2151 | D:3      | Found a faded altar of an unknown god.
  2355 | D:3      | Found a broken altar of Ashenzari.
  2963 | D:4      | Reached XP level 5. HP: 26/35 MP: 0/0
  2963 | D:4      | Learned a level 2 spell: Poisonous Vapours
  3421 | D:4      | Found a staircase to the Ecumenical Temple.
  3430 | Temple   | Entered the Ecumenical Temple
  3481 | D:4      | Reached XP level 6. HP: 40/40 MP: 0/0
  3718 | D:4      | Noticed Dowan
  3730 | D:4      | Noticed Duvessa
  3754 | D:4      | Killed from afar by Dowan

Illustrated notes

Levels and vault maps discovered:
D:1:      wander_arrival_peaceful_grave, layout_basic, serial_shops,
          nicolae_shop_statue_plus
D:2:      layout_loops_corners, serial_rivers, chequers_serial_rivers_large_a,
          chequers_serial_rivers_room_a, chequers_serial_rivers_micro_e,
          chequers_serial_rivers_micro_b, chequers_serial_rivers_small_3,
          chequers_serial_rivers_small_b, dk_vineyard_1
D:3:      layout_basic, mainiacjoe_overflow_tiny_flanked,
          chequers_ecumenical_altar_simple_redux
D:4:      layout_loops_ring, mainiacjoe_overflow_alcove_3,
          minmay_temple_entry_poolview, uniq_duvessa
Temple:   hellmonk_temple_rainy

Skill      XL: |  1  2  3  4  5 |
---------------+----------------+-----
Armour         | 1 2 |  2.2
Stealth        | 2 |  2.8
Spellcasting   | 3 |  3.7
Dodging        | 3 |  3.6

Action                     |  1- 3 |  4- 6 || total
---------------------------+-------+-------++-------
  Melee: Unarmed           |     4 |       ||     4
         Spear             |     3 |     4 ||     7
         Staff             |       |    17 ||    17
   Cast: Foxfire           |    68 |    70 ||   138
         Poisonous Vapours |       |     1 ||     1
    Use: Scroll            |       |     5 ||     5
   Stab: Sleeping          |     1 |       ||     1
 Armour: Robe              |     5 |     6 ||    11
  Dodge: Dodged            |     5 |    24 ||    29

Table legend: (Time is in decaauts)
 A = Elapsed time spent in this place.
 B = Non-inter-level travel time spent in this place.
 C = Inter-level travel time spent in this place.
 D = Time resting spent in this place.
 E = Time spent auto-exploring this place.
 F = Levels seen in this place.
 G = Mean time per level.
                   A        B        C        D        E       F      G
               +--------+--------+--------+--------+--------+-----+--------+
         Total |   3756 |   3636 |    120 |    337 |   2665 |   5 |  751.2 |
       Dungeon |   3728 |   3621 |    107 |    337 |   2658 |   4 |  932.0 |
        Temple |     27 |     14 |     13 |      0 |      7 |   1 |   27.0 |
               +--------+--------+--------+--------+--------+-----+--------+

Top non-repeatable levels by time:
     D:1: 1082 daAuts
     D:2: 1050 daAuts
     D:4: 809 daAuts
     D:3: 785 daAuts
  Temple: 27 daAuts
